Map: Eternal Empire LE

Players

llllllllllll - Winner!

  • Race: Zerg Zerg
  • League: Diamond
  • Spawn Location: 7:00

A.I. 1 (Very Easy)

  • Race: Protoss Protoss
  • Spawn Location: 1:00

VOD

Have the link to the VOD?

Description

Time

  • Played on: April 1, 2020, 1:04 p.m.
  • Length: 9:20
Show
View Real Time Build Order
Export as new Build Order

llllllllllll Zerg - Winner!

Build Orders: Hatch First 

Get SALT Encoding   

  12  0:00  Drone  
  13  0:12  Overlord  
  13  0:16  Drone  
  14  0:30  Drone x2  
  14  0:35  Drone  
  17  0:52  Hatchery  
  17  0:56  Drone  
  17  0:58  Drone  
  18  1:09  Extractor  
  17  1:14  Spawning Pool  
  17  1:16  Drone  
  17  1:20  Drone  
  18  1:28  Drone  
  19  1:39  Overlord  
  19  1:50  Drone  
  21  2:01  Drone  
  21  2:04  Queen  
  21  2:05  Queen  
  21  2:06  Zergling x2  
  26  2:12  Zergling x2  
  26  2:15  Metabolic Boost  
  27  2:21  Drone x2  
  29  2:29  Drone  
  30  2:37  Drone x2  
  32  2:49  Hatchery  
  31  2:54  Drone x3  
  34  2:58  Overlord  
  34  3:06  Drone  
  35  3:12  Overlord  
  35  3:16  Queen  
  35  3:17  Drone x2  
  39  3:20  Drone x4  
  43  3:37  Roach Warren  
  43  3:38  Drone x3  
  45  3:44  Extractor  
  45  3:45  Extractor  
  43  3:52  Drone x3  
  43  3:53  Drone x3  
  49  3:58  Lair  
  49  4:03  Drone  
  49  4:05  Evolution Chamber  
  49  4:08  Queen  
  51  4:11  Drone  
  51  4:12  Drone x4  
  56  4:23  Drone x2  
  56  4:24  Overlord x2  
  58  4:31  Zerg Missile Weapons Level 1  
  58  4:38  Overlord  
  58  4:51  Roach x4  
  66  4:52  Overlord  
  66  4:56  Glial Reconstitution  
  66  4:58  Roach x4  
  74  5:00  Overlord  
  74  5:07  Overlord  
  74  5:12  Drone  
  74  5:13  Drone x7  
  82  5:20  Roach x4  
  90  5:33  Drone  
  90  5:34  Drone x4, Extractor  
  94  5:35  Extractor  
  94  5:38  Overlord x2  
  94  5:39  Roach x2  
  97  5:56  Roach x8  
  113  6:01  Drone  
  114  6:08  Overlord x7  
  114  6:26  Roach  
  114  6:27  Roach x8  
  132  6:36  Drone x3  
  132  6:39  Hatchery  
  134  6:41  Roach x2  
  138  6:48  Roach x4  
  146  6:56  Roach x8  
  162  7:03  Overlord  
  162  7:06  Overlord  
  162  7:10  Hatchery  
  161  7:18  Roach x4  
  169  7:24  Roach  
  169  7:25  Roach x4  
  169  7:29  Roach x3  
  185  7:34  Overlord  
  185  7:35  Overlord  
  185  7:49  Overlord  
  185  7:50  Hydralisk Den  
  184  7:53  Roach x3  
  184  7:54  Roach x5  
  200  8:07  Extractor  
  199  8:22  Ravager  
  198  8:54  Roach  
  200  9:06  Lurker Den  
Show
View Real Time Build Order
Export as new Build Order

A.I. 1 (Very Easy) Protoss 

Build Orders: 1 Gate Expand, Nexus First 

Get SALT Encoding   

  12  0:00  Probe  
  13  0:13  Probe  
  14  0:19  Pylon  
  14  0:43  Gateway  
  14  1:02  Nexus  
  14  1:20  Pylon  
  14  1:21  Zealot  
  14  1:23  Assimilator  
  16  1:36  Cybernetics Core  
  16  1:38  Probe  
  17  1:50  Probe  
  18  2:00  Probe, Assimilator  
  18  2:07  Stalker  
  18  2:08  Probe  
  22  2:17  Probe  
  22  2:22  Probe  
  23  2:28  Warp Gate  
  24  2:31  Probe  
  25  2:38  Probe  
  26  2:45  Probe  
  26  2:48  Pylon  
  27  2:53  Probe  
  28  2:59  Probe  
  29  3:07  Probe  
  29  3:10  Probe  
  30  3:14  Robotics Facility  
  30  3:18  Probe  
  32  3:27  Probe  
  32  3:28  Assimilator  
  32  3:31  Probe  
  32  3:32  Zealot  
  35  3:43  Probe  
  36  3:50  Probe  
  37  3:57  Probe  
  37  4:01  Observer  
  39  4:03  Probe, Assimilator  
  40  4:11  Probe  
  40  4:14  Probe  
  41  4:21  Probe  
  41  4:23  Observer  
  44  4:32  Probe  
  44  4:37  Pylon  
  45  4:39  Probe  
  46  4:47  Probe  
  46  4:49  Sentry  
  49  4:54  Probe  
  50  8:31  Sentry  
  43  8:41  Probe  
  25  8:48  Pylon  
  25  8:49  Probe  
  25  8:50  Pylon  
  20  8:58  Probe, Pylon  
Tags
 
Add a new tag
Caveats
  • Supply blocks, unpowered buildings, or Contaminate may cause inaccurate times.
  • Supply counts are checked every 10 seconds.